 Dungeon Crawl Stone Soup version 0.24-b1-44-g37ad8b309f (webtiles) character file.

Game seed: 15240143755748730927, levelgen mode: deterministic

10857 Mrkan the Grappler (level 11, -2/111 HPs)
             Began as a Troll Monk on Oct 24, 2019.
             Was a High Priest of Wu Jian.
             Slain by a komodo dragon (25 damage)
             ... on level 1 of the Lair of Beasts.
             The game lasted 00:16:12 (7723 turns).

Mrkan the Grappler (Troll Monk)                     Turns: 7723, Time: 00:16:12

Health: -2/111     AC:  8    Str: 24      XL:     11   Next: 41%
Magic:  10/10      EV: 10    Int:  6      God:    Wu Jian [*****.]
Gold:   510        SH:  0    Dex: 10 (12) Spells: 10/10 levels left

rFire    . . .     SeeInvis .     - Unarmed
rCold    . . .     Gourm    +   (no shield)
rNeg     . . .     Faith    .   L - +0 troll leather armour
rPois    .         Spirit   .   (helmet restricted)
rElec    .         Reflect  .   (no cloak)
rCorr    .         Harm     .   (gloves unavailable)
MR       .....                  (boots unavailable)
Stlth    +.........             (no amulet)
HPRegen  1.08/turn              (no ring)
MPRegen  0.12/turn              (no ring)

@: no status effects
A: large, unfitting armour, claws 3, fast metabolism 3, gourmand, regeneration
1, shaggy fur 1, tough skin 3
a: Wall Jump, Serpent's Lash, Heavenly Storm, Renounce Religion


You were on level 1 of the Lair of Beasts.
You worshipped Wu Jian.
Wu Jian was extremely pleased with you.
You were full.

You visited 2 branches of the dungeon, and saw 11 of its levels.

You collected 510 gold pieces.

Inventory:

Hand Weapons
 E - a +0 giant club
 G - a +0 dire flail
Missiles
 g - 324 stones (quivered)
 u - 4 boomerangs of dispersal
 z - 12 javelins
 H - 5 throwing nets
Armour
 a - a +0 robe
 L - a +0 troll leather armour (worn)
Jewellery
 x - an uncursed amulet of harm
 C - a cursed ring of teleportation
 I - an uncursed amulet of faith
 O - a cursed ring of attention
Wands
 q - a wand of scattershot (6)
 t - a wand of paralysis (22)
 y - a wand of digging (10)
 A - a wand of polymorph (3)
 K - a wand of enslavement (7)
Scrolls
 d - 3 scrolls of amnesia {unknown}
 h - 3 scrolls of magic mapping {unknown}
 k - a scroll of blinking {unknown}
 m - 4 scrolls of teleportation
 n - a scroll of noise {unknown}
 o - 2 scrolls of enchant weapon {unknown}
 r - 4 scrolls of remove curse
 s - 3 scrolls of fog
 B - 2 scrolls of enchant armour {unknown}
 F - 2 scrolls of vulnerability {unknown}
Potions
 c - a potion of might {unknown}
 e - 3 potions of heal wounds
 f - 3 potions of lignification {unknown}
 i - a potion of agility {unknown}
 j - a potion of mutation {unknown}
 l - a potion of flight {unknown}
 p - 3 potions of haste {unknown}
 v - 2 potions of brilliance {unknown}
 D - 2 potions of magic {unknown}
 J - 2 potions of degeneration {unknown}
 N - a potion of curing
Comestibles
 b - 13 rations


   Skills:
 + Level 8.0 Fighting
 * Level 5.1 Maces & Flails
 - Level 9.0 Throwing
 - Level 2.4 Dodging
 - Level 1.0 Stealth
 - Level 11.2 Unarmed Combat


You had 10 spell levels left.
You didn't know any spells.
Your spell library contained the following spells:

 Spells                   Type           Power        Failure   Level  Hunger
 Beastly Appendage        Tmut           #.....       50%         1    ##.....
 Corona                   Hex            #......      50%         1    ##.....
 Ensorcelled Hibernation  Hex/Ice        #.....       65%         2    ###....
 Sticks to Snakes         Tmut           #.......     65%         2    ###....
 Confuse                  Hex            #.......     86%         3    ####...
 Dazzling Spray           Conj/Hex       #.....       86%         3    ####...
 Spider Form              Tmut/Pois      #.........   86%         3    ####...
 Tukima's Dance           Hex            #.......     86%         3    ####...
 Ice Form                 Ice/Tmut       #.......     99%         4    #####..
 Blade Hands              Tmut           #.........   100%        5    ######.


Dungeon Overview and Level Annotations

Branches:
Dungeon (10/15)            Temple (0/1) D:5            Lair (1/6) D:9
    Orc: D:9-12

Altars:
Cheibriados
Dithmenos
Fedhas
Gozag
Makhleb
Qazlal
Sif Muna
Uskayaw
Vehumet
Wu Jian
Yredelemnul
Zin
The Shining One

Shops:
D:8 :   D:9 }


Innate Abilities, Weirdness & Mutations

You are too large for most types of armour.
You have claws for hands.
Your metabolism is lightning-fast.
You like to eat raw meat.
Your natural rate of healing is unusually fast.
You are covered in fur. (AC +1)
You have extremely tough skin. (AC +3)


Message History

The komodo dragon is moderately wounded.
The komodo dragon closely misses you.
You mangle the komodo dragon!!
The komodo dragon is severely wounded.
The komodo dragon bites you!
* * * LOW HITPOINT WARNING * * *
You scratch the komodo dragon but do no damage.
The komodo dragon is severely wounded.
You scratch the komodo dragon but do no damage.
The komodo dragon is severely wounded.
The komodo dragon bites you!!
* * * LOW HITPOINT WARNING * * *
You open the door. The komodo dragon bites you.
* * * LOW HITPOINT WARNING * * *
A porcupine comes into view.
There is an open door here.
You claw the komodo dragon!
The komodo dragon is almost dead.
The komodo dragon bites you!!
You die...

# ### ### ###.######
##P###P####### .........#
#............. .......<.#
#............ .........####
#............
.........##r###............
.........'...#.............
.>.≈.....P##.@l............
≈.≈≈≈....P#####............
≈≈≈≈≈....## #=...........
≈≈≈≈≈≈...# ..........%..
≈≈≈≈≈...# ##............
≈≈≈≈.#### ########+### ≈≈.#


You could see a komodo dragon and a porcupine.

Vanquished Creatures
  Harold (D:7)
  Erica (D:8)
  2 two-headed ogres
  Psyche (D:8)
  A troll (D:10)
  2 hippogriffs (D:10)
  Grinder (D:3)
  Sigmund (D:6)
  3 yaks (D:9)
  Grum (D:8)
  2 hungry ghosts (D:8)
  Edmund (D:4)
  A porcupine (Lair:1)
  Duvessa (D:7)
  A phantom (D:9)
  A sky beast (D:8)
  4 orc warriors
  A black bear (D:9)
  An eye of draining (D:10)
  7 ice beasts
  A necrophage (D:7)
  5 ogres
  3 wolves (D:8)
  4 centaurs
  A crocodile (D:10)
  A big kobold (D:8)
  8 bullfrogs
  Dowan (D:7)
  5 scorpions
  19 wights
  A bullfrog zombie (D:8)
  6 crimson imps
  2 quasits
  8 hounds
  Crazy Yiuf (D:3)
  A bullfrog skeleton (D:7)
  8 orc priests
  A jelly (D:5)
  2 centaur skeletons
  Ijyb (D:5)
  4 iguanas
  3 orc wizards
  5 worker ants
  2 hound zombies
  A howler monkey zombie (D:9)
  A worker ant zombie (D:6)
  3 gnolls (D:3)
  7 adders
  4 shadow imps
  An ooze (D:3)
  An adder skeleton (D:4)
  3 worms
  A dart slug (D:3)
  3 leopard geckos
  30 orcs
  8 bats
  6 giant cockroaches
  6 hobgoblins
  14 jackals
  8 quokkas
  7 frilled lizards
  A giant cockroach zombie (D:6)
  6 goblins
  A jackal zombie (D:2)
  15 kobolds
  A leopard gecko skeleton (D:4)
  A leopard gecko zombie (D:6)
  11 rats
267 creatures vanquished.

Notes
Turn   | Place    | Note
-------+----------+-------------------------------------------
     0 | D:1      | Mrkan the Troll Monk began the quest for the Orb.
     0 | D:1      | Reached XP level 1. HP: 22/22 MP: 0/0
   296 | D:1      | Reached XP level 2. HP: 29/29 MP: 1/1
   610 | D:2      | Reached skill level 4 in Unarmed Combat
   671 | D:2      | Found an ornate altar of the Wu Jian Council.
   759 | D:2      | Reached XP level 3. HP: 34/36 MP: 2/2
  1198 | D:2      | Became a worshipper of the Wu Jian Council
  1198 | D:2      | Reached * piety under Wu Jian
  1198 | D:2      | Reached ** piety under Wu Jian
  1257 | D:3      | Found a runed translucent door.
  1258 | D:3      | Noticed Crazy Yiuf
  1295 | D:3      | Found a basalt altar of Yredelemnul.
  1354 | D:3      | Found a faded altar of an unknown god.
  1414 | D:3      | Reached skill level 5 in Unarmed Combat
  1414 | D:3      | Reached XP level 4. HP: 44/44 MP: 3/3
  1533 | D:3      | Found a shadowy altar of Dithmenos.
  1894 | D:3      | Noticed Grinder
  1913 | D:3      | Killed Grinder
  1913 | D:3      | Reached skill level 7 in Unarmed Combat
  1913 | D:3      | Reached XP level 5. HP: 37/50 MP: 4/4
  1913 | D:3      | Reached XP level 6. HP: 43/59 MP: 5/5
  1940 | D:3      | Found a radiant altar of Vehumet.
  2082 | D:3      | Killed Crazy Yiuf
  2144 | D:4      | Found a hide-covered altar of Uskayaw.
  2325 | D:4      | Noticed Edmund
  2338 | D:4      | Killed Edmund
  2338 | D:4      | Reached skill level 8 in Unarmed Combat
  2366 | D:4      | Reached *** piety under Wu Jian
  2376 | D:4      | Reached XP level 7. HP: 48/66 MP: 6/6
  2403 | D:4      | Found a burning altar of Makhleb.
  2405 | D:4      | Found a glowing silver altar of Zin.
  2405 | D:4      | Noticed an angel
  2406 | D:4      | Noticed a cacodemon
  2545 | D:4      | Noticed a water elemental
  2547 | D:4      | Found a stormy altar of Qazlal.
  2554 | D:4      | Noticed a fire elemental
  2554 | D:4      | Noticed an air elemental
  2605 | D:5      | Entered Level 5 of the Dungeon
  2654 | D:5      | Reached skill level 1 in Throwing
  2913 | D:5      | Noticed Ijyb
  2932 | D:5      | Killed Ijyb
  3033 | D:5      | Found an opulent altar of Gozag.
  3215 | D:5      | Found a staircase to the Ecumenical Temple.
  3419 | D:6      | Reached XP level 8. HP: 67/75 MP: 7/7
  3429 | D:6      | Found a blossoming altar of Fedhas.
  3590 | D:6      | Noticed Sigmund
  3606 | D:6      | Killed Sigmund
  3627 | D:6      | Reached skill level 5 in Throwing
  3715 | D:6      | Reached **** piety under Wu Jian
  3825 | D:6      | Found a shimmering blue altar of Sif Muna.
  4096 | D:6      | Reached skill level 5 in Fighting
  4344 | D:7      | Reached XP level 9. HP: 76/88 MP: 8/8
  4412 | D:7      | Noticed Harold
  4422 | D:7      | Killed Harold
  4668 | D:7      | Noticed Dowan
  4671 | D:7      | Noticed Duvessa
  4689 | D:7      | Killed Duvessa
  4691 | D:7      | Killed Dowan
  5314 | D:8      | Noticed Grum
  5315 | D:8      | Reached XP level 10. HP: 83/100 MP: 9/9
  5319 | D:8      | Reached skill level 1 in Maces & Flails
  5326 | D:8      | Killed Grum
  5408 | D:8      | Noticed Psyche
  5416 | D:8      | Killed Psyche
  5437 | D:8      | Reached ***** piety under Wu Jian
  5492 | D:8      | Reached skill level 9 in Unarmed Combat
  5575 | D:8      | Noticed a two-headed ogre
  5583 | D:8      | Killed a two-headed ogre
  5746 | D:8      | Noticed Erica
  5764 | D:8      | Killed Erica
  5784 | D:8      | Found Ixasump's Book Shoppe.
  5999 | D:9      | Noticed a two-headed ogre
  6015 | D:9      | Killed a two-headed ogre
  6015 | D:9      | Reached skill level 10 in Unarmed Combat
  6048 | D:9      | Found a snail-covered altar of Cheibriados.
  6187 | D:9      | Reached XP level 11. HP: 98/109 MP: 10/10
  6608 | D:9      | Found a glowing golden altar of the Shining One.
  6669 | D:9      | Found a staircase to the Lair.
  6800 | D:9      | Found Maido's Gadget Emporium.
  6828 | D:10     | Entered Level 10 of the Dungeon
  6906 | D:10     | Reached skill level 11 in Unarmed Combat
  7153 | D:10     | Reached skill level 5 in Maces & Flails
  7531 | Lair:1   | Entered Level 1 of the Lair of Beasts
  7723 | Lair:1   | Slain by a komodo dragon

Skill      XL: |  1  2  3  4  5  6  7  8  9 10 11 |
---------------+----------------------------------+-----
Unarmed Combat | 4 5 7 8 10 11 | 11.2
Throwing       | 3 6 9 |  9.0
Fighting       | 3 5 6 7 8 |  8.0
Maces & Flails | 4 5 |  5.1
Dodging        | |  2.4
Stealth        | |  1.0

Action                   |  1- 3 |  4- 6 |  7- 9 | 10-12 || total
-------------------------+-------+-------+-------+-------++-------
Melee: Unarmed           |   104 |   106 |   303 |   335 ||   848
       Punch             |     1 |     1 |    14 |    12 ||    28
Invok: Lunge             |     5 |     8 |    27 |    33 ||    73
       Whirlwind         |     3 |    18 |    14 |    13 ||    48
  Use: Potion            |       |       |       |     2 ||     2
       Scroll            |       |       |       |     8 ||     8
 Stab: Sleeping          |     3 |     1 |     7 |     2 ||    13
       Distracted        |       |       |     3 |       ||     3
  Eat: Chunk             |    18 |     8 |    28 |    28 ||    82
Armor: Robe              |    32 |    25 |    63 |    59 ||   179
       Troll leather arm |       |       |       |    25 ||    25
Dodge: Dodged            |    37 |    47 |   106 |   131 ||   321
